[Event "*** MasterClass Titled Tuesday Blitz"]
[Site "Chess.com"]
[Date "2017.12.05"]
[Round "5"]
[White "sandromareco"]
[Black "RaphaeI"]
[Result "0-1"]
[WhiteElo "2606"]
[BlackElo "2524"]
[TimeControl "180+2"]
[EndTime "15:18:49 PST"]
[Termination "RaphaeI won by resignation"]

1. d4 Nf6 2. Nf3 e6 3. c4 d5 4. g3 dxc4 5. Qa4+ Nbd7 6. Bg2 a6 7. Qxc4 b5 8. Qc6 Ra7 9. O-O Bb7 10. Qc2 c5 11. a4 b4 12. Be3 Nd5 13. Bg5 Qa8 14. e4 N5f6 15. d5 h6 16. Bxf6 Nxf6 17. Re1 Be7 18. Nbd2 exd5 19. exd5 Nxd5 20. Qxc5 O-O 21. Qc4 Bf6 22. Rab1 Rc8 23. Qb3 a5 24. Nc4 Ra6 25. Rbd1 Rac6 26. Nfe5 Re6 27. Nd7 Rxe1+ 28. Rxe1 Qa6 29.
Nxf6+ Nxf6 30. Bxb7 Qxc4 31. Qf3 Rc7 32. b3 Qc5 33. Ba6 Re7 34. Rd1 Qe5 35. Bc4 g6 36. Kg2 Kg7 37. Rd3 g5 38. h3 h5 39. Re3 Qc5 40.
Rxe7 Qxe7 41. Qf5 Qe4+ 42. Qxe4 Nxe4 43. Be2 h4 44. gxh4 gxh4 45. Bd3 Nc5 46. Bc4 f5 47. Kf3 Kf6 48. Kf4 Ne4 49. f3 Ng5 50. Bf1 Ne6+ 51. Ke3 Ke5 52. Bc4 f4+ 53. Kf2 Nc5 54. Ke2 Kd4 55.
Kd2 Nxa4 56. Bf7 Nc5 57. Bg8 Nd3 58. Bh7 Ne5 59. Be4 Nf7 60. Bf5 Ng5 61. Bg4 Nf7 62. Bf5 Ne5 63. Be4 Nd7 64. Bg6 Nc5 65. Bf7 Nd3 66.
Bg6 Nc5 67. Bf7 a4 68. bxa4 Nxa4 69. Bg8 Nc5 70. Bf7 b3 71. Bg8 b2 72. Bh7 Ne6 73. Kc2 Ng5 74. Bf5 Nxf3 75. Kxb2 Ke3 76. Kc2 Nd4+ 0-1

[Event "*** MasterClass Titled Tuesday Blitz"]
[Site "Chess.com"]
[Date "2017.12.05"]
[Round "5"]
[White "pKiLz5Rn9b"]
[Black "MITerryble"]
[Result "0-1"]
[WhiteElo "2637"]
[BlackElo "2670"]
[TimeControl "180+2"]
[EndTime "15:19:06 PST"]
[Termination "MITerryble won by resignation"]

1. b3 d5 2. Bb2 Bg4 3. Nf3 c6 4.
g3 Bxf3 5. exf3 Nd7 6. f4 e6 7.
Bg2 Ngf6 8. O-O Bd6 9. d4 O-O 10. Nd2 Qe7 11. a3 Rfe8 12. c4 Rad8 13. c5 Bc7 14. b4 g6 15. Re1 Nh5 16. Nf3 Ng7 17. a4 a6 18. Qd3 f6 19. b5 Ba5 20. Re2 Nb8 21. Bh3 Qf7 22. b6 Nd7 23. Rc1 Re7 24.
Re3 Rde8 25. Rc2 Nf5 26. Bxf5 exf5 27. Rce2 Re4 28. Kg2 R8e7 29. Ng1 Qe8 30. Bc1 Kg7 31. f3 Rxe3 32. Rxe3 Rxe3 33. Qxe3 Qxe3 34. Bxe3 Bxb6 35. cxb6 Nxb6 36. Kf2 Nxa4 37. Ke2 Kf7 38. Kd3 Ke6 39. g4 Nb2+ 40. Kc2 Nc4 41. Bc1 b6 42. Ne2 c5 43.
Kc3 Nd6 44. h3 Nb5+ 45. Kd3 c4+ 46. Kc2 a5 47. Be3 Na7 48. Nc3 b5 49. Bf2 b4 50.
Na4 Nb5 51. Nc5+ Ke7 52. Be3 Kf7 53. Bf2 Ke7 54. Be3 Na7 55. Bf2 Nc6 56. Na4 Kd6 57. Nc5 Kc7 58. Na4 Kb7 59. gxf5 gxf5 60. Nc5+ Kc7 61.
Ne6+ Kb6 62. Nc5 Kb5 63. Nd7 c3 64. Kd3 a4 65. Nxf6 a3 66. Ne8 a2 67. Nc7+ Ka5 0-1

[Event "*** MasterClass Titled Tuesday Blitz"]
[Site "Chess.com"]
[Date "2017.12.05"]
[Round "5"]
[White "Koksik_13"]
[Black "ArnaudovP"]
[Result "1-0"]
[WhiteElo "2287"]
[BlackElo "2421"]
[TimeControl "180+2"]
[EndTime "15:19:27 PST"]
[Termination "Koksik_13 won by resignation"]

1. e4 c6 2. d4 d5 3. f3 e6 4. Nc3 Bb4 5. Bd2 Ne7 6. a3 Ba5 7. b4 Bc7 8. e5 a5 9. f4 axb4 10. axb4 Rxa1 11. Qxa1 b5 12. Nf3 Nd7 13. Bd3 Nb6 14. O-O Nc4 15. Qe1 Nf5 16. g4 Nxd2 17.
Qxd2 Nh4 18. f5 exf5 19. Nxh4 Qxh4 20. Bxf5 Bxf5 21. gxf5 Bb6 22. Ne2 Qg4+ 23. Kh1 Qe4+ 24. Kg1 Qxe5 25. c3 O-O 26. f6 Re8 27. Ng3 Qe3+ 28.
Qxe3 Rxe3 29. Nf5 Rxc3 30. Re1 h5 31. Re8+ Kh7 32. fxg7 Bxd4+ 33. Nxd4 Kxg7 34. Rc8 Rc4 35. Nxc6 h4 36. Kg2 d4 37. Kf3 h3 38. Ke4 Rc2 39.
Kxd4 Rxh2 40. Ne5 Rd2+ 41. Nd3 h2 42. Rc1 Rc2 43. Rh1 Kg6 44. Ke3 Kg5 45. Nf2 Rc3+ 46. Nd3 Rc2 47. Nf2 Rc3+ 48. Ke2 Rc4 49. Rxh2 Rxb4 50. Rh8 f5 51. Rg8+ Kf6 52. Rf8+ Kg5 53. Nd3 Re4+ 54. Kf3 Rd4 55. Nc5 Rc4 56. Nd7 b4 57.
Rg8+ Kh6 58. Ne5 Re4 59. Nd3 Rd4 60. Ke3 Re4+ 61. Kf3 Rc4 62. Rb8 Rc3 63. Ke3 b3 64. Kd4 Rc7 65. Rxb3 Kg5 66. Rb8 Kg4 67. Ke3 f4+ 68.
Ke4 Re7+ 69. Ne5+ Kg3 70. Rg8+ Kf2 71. Kxf4 Ra7 72. Nd3+ Ke2 73. Nc5 Rf7+ 74. Ke4 Re7+ 75. Kd4 Rh7 76. Re8+ Kf2 77. Ne4+ Kg2 78. Rg8+ Kf3 79.
Ng5+ Kf2 80. Nxh7 1-0

[Event "*** MasterClass Titled Tuesday Blitz"]
[Site "Chess.com"]
[Date "2017.12.05"]
[Round "5"]
[White "platy3"]
[Black "nubair1198"]
[Result "1-0"]
[WhiteElo "2552"]
[BlackElo "2512"]
[TimeControl "180+2"]
[EndTime "15:19:47 PST"]
[Termination "platy3 won by resignation"]

1. e4 c6 2. d4 d5 3. Nc3 dxe4 4.
Nxe4 Bf5 5. Ng3 Bg6 6. h4 h6 7. Nf3 e6 8. Ne5 Bh7 9. Bd3 Bxd3 10. Qxd3 Nd7 11. f4 Be7 12. Bd2 Nxe5 13. fxe5 Bxh4 14. O-O-O Bxg3 15. Qxg3 Ne7 16. Qxg7 Rg8 17. Qxh6 Qd5 18. Kb1 O-O-O 19. Qf6 Rxg2 20. Qxe7 Rxd2 21. Qxd8+ Kxd8 22. Rh8+ Ke7 23. Rxd2 c5 24. b3 cxd4 25. Rh4 Qxe5 26. Rhxd4 Qc7 27. Rf2 e5 28. Rc4 Qd6 29. Re4 f6 30. Kb2 Ke6 31. Rh4 Qd1 32. Rfh2 a5 33. a4 b6 34. Rh6 e4 35. Rh8 Qd4+ 36. Kb1 Qd7 37. R2h4 Ke5 38. R4h7 Qd1+ 39. Kb2 Qd6 40. Re8+ Kf5 41. Rh4 Qd4+ 42. Kb1 Qd1+ 43. Kb2 Qd4+ 44.
Kb1 Qg1+ 45. Kb2 e3 46. Rc4 Qf2 47. Rc6 Kg4 48. Rce6 f5 49. Rxe3 f4 50. Rd3 Qc5 51. Rg8+ Kf5 52. Rgd8 Qe5+ 53. Kb1 Qe1+ 54. Kb2 Qe2 55.
Rf8+ Kg5 56. Rd5+ Kg4 57. Rd4 Qe5 58. Rxf4+ Kg5 59. Re4 Qh8 60. Rh4 Qe5 61. Rg4+ Kf6 62. Ka2 Qe2 63. Rc4 Kf5 64. Rgd4 Qe5 65. Rh4 Qe7 66. Rh5+ Kg6 67. Rb5 Qe3 68. Rc6+ Kf7 69. Rbxb6 Ke8 70. Rb7 Kd8 71. Rg6 Kc8 72. Rf7 Qe8 73.
Rgg7 Kb8 74. Rb7+ Ka8 75. Ra7+ Kb8 76. Rgb7+ Kc8 77. Ra8+ Kxb7 78. Rxe8 1-0

[Event "*** MasterClass Titled Tuesday Blitz"]
[Site "Chess.com"]
[Date "2017.12.05"]
[Round "5"]
[White "champ2005"]
[Black "dusanacns"]
[Result "0-1"]
[WhiteElo "2442"]
[BlackElo "2615"]
[TimeControl "180+2"]
[EndTime "15:20:03 PST"]
[Termination "dusanacns won by resignation"]

1. e4 d6 2. d4 Nf6 3. Nc3 e5 4.
dxe5 dxe5 5. Qxd8+ Kxd8 6. Bg5 c6 7. O-O-O+ Ke8 8. f3 Nbd7 9. Nh3 Bc5 10. Na4 Be7 11. Be3 b5 12. Nc3 Bc5 13. Bxc5 Nxc5 14. Nf2 Ke7 15.
Nd3 Nfd7 16. Nxc5 Nxc5 17. Bxb5 cxb5 18. Nd5+ Kd6 19. Nb6+ Kc6 20. Nxa8 Be6 21. b3 Rxa8 22. Rd2 a5 23. Rhd1 Nb7 24. Kb2 g5 25. Rd3 h5 26. g3 Rh8 27. a3 Rh6 28. Rc3+ Kb6 29. f4 gxf4 30. gxf4 exf4 31. Rf1 h4 32. h3 Rf6 33. Rcf3 Nc5 34. Rxf4 Rxf4 35. Rxf4 Bxh3 36. Rxh4 Be6 37. Kc3 a4 38. bxa4 Nxa4+ 39. Kb4 Nc5 40. Rh5 Na6+ 41. Kc3 Ka5 42. Rg5 Ka4 43. Kb2 Nb8 44. Rg8 Na6 45. Ra8 Ka5 46. Kc3 Kb6 47. Rh8 Kc5 48. Rh5+ Kb6 49. Rh8 Kc6 50. Kd4 Nc7 51.
Rh5 Kb6 52. Kc3 Na6 53. Kd4 Nb8 54. Kc3 Nc6 55. Rg5 Bc4 56. Rh5 Kc7 57. a4 Kb6 58. axb5 Bxb5 59. Rf5 Nd8 60. Kd4 Bd7 61. Rf6+ Be6 62.
Ke5 Kc5 63. Rf2 Nc6+ 64. Kf6 Kd4 65. Kg7 Ne5 66. Re2 Bc4 67. Re1 Nf3 68. Rf1 Bxf1 69.
Kxf7 Ne5+ 70. Kf6 Kxe4 71. c4 Nxc4 72. Kg7 Kf5 73. Kh8 Kf6 74. Kh7 Ne5 75. Kh8 Bc4 76.
Kh7 Ng6 77. Kh6 Bg8 78. Kh5 Ne5 79. Kh4 Kf5 80. Kh5 Ng4 81. Kh4 Kf4 82. Kh3 Bd5 83. Kh4 Bf7 84. Kh3 Ne3 85. Kh4 Ng2+ 86. Kh3 Kf3 87. Kh2 Kf2 88. Kh1 Be6 89. Kh2 Nf4 90.
Kh1 Bh3 91. Kh2 Bf1 92. Kh1 Ne2 93. Kh2 Nd4 94. Kh1 Bg2+ 0-1

[Event "*** MasterClass Titled Tuesday Blitz"]
[Site "Chess.com"]
[Date "2017.12.05"]
[Round "5"]
[White "ChessWarrior7197"]
[Black "AndrBaryshpolets"]
[Result "1-0"]
[WhiteElo "2652"]
[BlackElo "2475"]
[TimeControl "180+2"]
[EndTime "15:20:29 PST"]
[Termination "ChessWarrior7197 won by resignation"]

1. e4 e5 2. Nf3 Nc6 3. Bb5 Nf6 4. d3 d6 5. O-O a6 6. Bxc6+ bxc6 7. Nc3 c5 8. h3 h6 9. b3 Be7 10. Ne2 Nh5 11.
Nh2 Bg5 12. f4 exf4 13. Nxf4 Nxf4 14. Bxf4 O-O 15. Bxg5 Qxg5 16. Qf3 Be6 17. Rf2 Rae8 18. Re1 Bd7 19. Rfe2 Re6 20. Nf1 Rfe8 21. Ng3 Rg6 22. Kh2 Re5 23. Rf1 Rf6 24. Qe3 Qxe3 25. Rxe3 Rxf1 26.
Nxf1 f5 27. exf5 Rxf5 28. Kg1 Kf7 29. Ng3 Rf4 30. a4 Bc6 31. Ne2 Rf6 32. a5 Rf5 33. Nc3 Rf4 34. Re2 Kf6 35. Rf2 Ke5 36. Rxf4 Kxf4 37. Kf2 Ke5 38. Ne2 Bd5 39. g3 Be6 40. Nf4 Bd7 41. h4 Kd4 42. Ne2+ Kd5 43. Ke3 Kc6 44. c4 Bf5 45. Nc3 Kd7 46. Nd5 c6 47. Nc3 Ke6 48. Na2 Ke5 49. b4 Bg4 50.
bxc5 dxc5 51. Nc3 Bf5 52. Na4 Kd6 53. Nc3 Ke5 54. Ne2 Bg4 55. Nc3 Bf5 56. Nd1 Bg4 57.
Nb2 Bh5 58. Na4 Kd6 59. Nc3 Ke5 60. Ne4 Bg4 61. Nxc5 Bc8 62. d4+ Kf5 63. Kf3 Kf6 64. Kf4 g5+ 65. hxg5+ hxg5+ 66. Ke3 Kf5 67. Ne4 Be6 68. Kf3 Kg6 69. d5 cxd5 70. Nc5 Bf7 71. cxd5 Bxd5+ 72. Ke3 Bc4 73. Kd4 Be2 74. Ke5 Bf1 75. Ne4 Bd3 76. Nc5 Bb5 77. Ne6 Bf1 78. Nd4 Bc4 79. Nf5 Bd3 80. Ne7+ Kf7 81. Nd5 Kg6 82.
Ne3 Bb5 83. Kd4 Kf6 84. Kd5 Be2 85. Kd6 Bd3 86. Kd5 Be2 87. Kd4 Bb5 88. Nc4 Kf5 89. Nd6+ Kg4 90. Nxb5 axb5 91. a6 1-0

[Event "*** MasterClass Titled Tuesday Blitz"]
[Site "Chess.com"]
[Date "2017.12.05"]
[Round "5"]
[White "mikhaillushenkov"]
[Black "HarutyunianTigranK"]
[Result "1-0"]
[WhiteElo "2586"]
[BlackElo "2536"]
[TimeControl "180+2"]
[EndTime "15:22:51 PST"]
[Termination "mikhaillushenkov won by resignation"]

1. Nf3 Nf6 2. c4 e6 3. g3 d5 4. Bg2 Be7 5. O-O O-O 6. b3 b6 7. Bb2 Bb7 8. e3 c5 9. Qe2 Nc6 10. Rd1 d4 11. d3 Re8 12. Nbd2 Rc8 13. e4 e5 14. Nh4 Nd7 15. Nf5 Bf8 16. Bh3 g6 17.
Nh4 Rc7 18. Rf1 Nf6 19. Rae1 Bc8 20. Bxc8 Qxc8 21. Kg2 Bh6 22. Ndf3 Nh5 23. Bc1 Bxc1 24. Rxc1 f6 25. Ng1 Nd8 26. f3 Ne6 27. Kf2 Rf7 28.
Ke1 f5 29. Kd2 f4 30. g4 Nhg7 31. Ng2 Qa6 32. a4 Nd8 33. h4 Nc6 34. Ke1 Nb4 35.
Kf2 h5 36. g5 Ne6 37. Ra1 Nd8 38. Rfb1 Ndc6 39. Ne1 Qc8 40. Kg2 Rb7 41. Ra3 Qe6 42.
Rba1 Reb8 43. Nh3 Kh7 44. Nf2 a6 45. Nc2 Nxc2 46. Qxc2 Nb4 47. Qd2 Nc6 48. Nd1 Nd8 49. b4 cxb4 50. Qxb4 Nc6 51. Qd2 Rc7 52. Rb1 Na5 53.
Qb4 Qe7 54. Ra2 Qxb4 55. Rxb4 Nc6 56. Rb1 Nd8 57. Rab2 Rcb7 58. Nf2 Nc6 59. Nh3 Na5 60. Ng1 Kg7 61. Ne2 Kf7 62. Nc1 Ke6 63. Na2 Nc6 64.
Kf2 Kd6 65. Nc1 Kc7 66. Nb3 Nd8 67. Ke2 Ne6 68. Kd2 Nc5 69. Ra1 Kc6 70. Kc2 Kd6 71. Ra3 Ne6 72. Nc1 Nc5 73. Na2 a5 74. Nc1 Na6 75. Rb5 Nc7 76. Rb2 Na6 77. Na2 Nc5 78.
Rb5 Rc7 79. Nc1 Rc6 80. Nb3 Na6 81. Kd2 Nc7 82. c5+ Ke6 83. Rxb6 Rbxb6 84. cxb6 Rxb6 85. Nxa5 Rb2+ 86. Kc1 Rh2 87. Nc4 Rxh4 88. a5 Rh1+ 89.
Kb2 h4 90. a6 h3 91. a7 h2 92. Ra6+ Ke7 93. Rc6 Rb1+ 94. Kxb1 h1=Q+ 95. Kb2 Na8 96. Rc8 Qg2+ 97. Kb3 Qxf3 98. Rxa8 Qxd3+ 99. Kb4 Qxe4 100. Rb8 f3 101. a8=Q Qxa8 102. Rxa8 e4 103. Nd2 f2 104. Kc4 e3 105. Kd3 exd2 106. Ra1 Ke6 107. Kxd2 Kf5 108. Ke2 Kxg5 109. Kxf2 Kf4 110. Ke2 Ke4 111. Rg1 d3+ 112. Kd2 1-0

[Event "*** MasterClass Titled Tuesday Blitz"]
[Site "Chess.com"]
[Date "2017.12.05"]
[Round "6"]
[White "fredjust"]
[Black "Sulvyfex"]
[Result "1-0"]
[WhiteElo "1637"]
[BlackElo "1336"]
[TimeControl "180+2"]
[EndTime "15:25:32 PST"]
[Termination "fredjust won by resignation"]

1. d4 d5 2. e3 Nf6 3. Bd3 c6 4. Nd2 Nbd7 5. c3 b6 6. f4 Bb7 7. Ngf3 e6 8. O-O Bd6 9. Ne5 O-O 10. Qf3 c5 11. g4 cxd4 12. exd4 Ne8 13. g5 f6 14.
Bxh7+ Kxh7 15. Qh5+ Kg8 16. g6 1-0

[Event "*** MasterClass Titled Tuesday Blitz"]
[Site "Chess.com"]
[Date "2017.12.05"]
[Round "6"]
[White "GMKrikor"]
[Black "TomasPabloFerreira"]
[Result "1-0"]
[WhiteElo "2633"]
[BlackElo "946"]
[TimeControl "180+2"]
[EndTime "15:25:45 PST"]
[Termination "GMKrikor won by checkmate"]

1. e4 e6 2. d4 d5 3. Nd2 Nf6 4. e5 Nfd7 5. c3 c5 6. Bd3 Be7 7. Ngf3 Nc6 8. O-O O-O 9. Re1 cxd4 10. cxd4 Nb4 11. Bb1 b6 12. a3 Nc6 13. Nf1 Ba6 14. Ng3 Bh4 15. Qc2 Bxg3 16. Qxh7# 1-0

[Event "*** MasterClass Titled Tuesday Blitz"]
[Site "Chess.com"]
[Date "2017.12.05"]
[Round "6"]
[White "Frolik67"]
[Black "ChessicallyInclined"]
[Result "0-1"]
[WhiteElo "2414"]
[BlackElo "2231"]
[TimeControl "180+2"]
[EndTime "15:26:35 PST"]
[Termination "ChessicallyInclined won by resignation"]

1. e4 e5 2. Nf3 Nc6 3. Bc4 Nf6 4. d3 Be7 5. h3 d6 6. c3 Na5 7. Bb5+ c6 8. Ba4 b5 9. Bc2 h6 10. Nbd2 O-O 11. g4 Nh7 12. Nf1 Ng5 13. Ng3 Nxf3+ 14. Qxf3 Bg5 15. Bxg5 Qxg5 16. Nf5 Bxf5 17. gxf5 Nb7 18.
Ke2 Kh8 19. Rag1 Qf6 20. Rg4 a5 21. Rhg1 Nc5 22. Rxg7 Qxg7 23. Rxg7 Kxg7 24. f6+ Kh8 25. Qh5 Kh7 26. Qf5+ Kh8 27. d4 Ne6 28. dxe5 dxe5 29.
Qh5 Nf4+ 0-1

[Event "*** MasterClass Titled Tuesday Blitz"]
[Site "Chess.com"]
[Date "2017.12.05"]
[Round "6"]
[White "saraswathii"]
[Black "FearNoEvil12"]
[Result "1-0"]
[WhiteElo "2298"]
[BlackElo "2057"]
[TimeControl "180+2"]
[EndTime "15:27:01 PST"]
[Termination "saraswathii won by checkmate"]

1. d4 b5 2. Bf4 a6 3. e3 Bb7 4.
Nf3 Nf6 5. Bd3 e6 6. O-O d6 7. c4 bxc4 8. Bxc4 Nbd7 9. Nc3 h6 10. h3 g5 11. Bg3 g4 12. hxg4 Nxg4 13.
Rc1 h5 14. d5 e5 15. Nh2 Rg8 16. Nxg4 Rxg4 17. Be2 Rxg3 18. fxg3 Qg5 19. Bxh5 Nf6 20. Qf3 Be7 21. Ne4 Nxe4 22. Qxf7+ Kd8 23. Qe8# 1-0

[Event "*** MasterClass Titled Tuesday Blitz"]
[Site "Chess.com"]
[Date "2017.12.05"]
[Round "6"]
[White "RookSacrifice_OLD"]
[Black "MasterBlitz83"]
[Result "1-0"]
[WhiteElo "1842"]
[BlackElo "1546"]
[TimeControl "180+2"]
[EndTime "15:27:34 PST"]
[Termination "RookSacrifice_OLD won by resignation"]

1. d4 Nf6 2. c4 c5 3. d5 b5 4.
Nf3 bxc4 5. Nc3 d6 6. e4 Ba6 7. Nd2 Qa5 8. Bxc4 Bxc4 9. Nxc4 Qb4 10. Qe2 g6 11. Bg5 Bg7 12. O-O O-O 13. f4 h6 14.
Bxf6 Bxf6 15. e5 Bg7 16. Rae1 Rd8 17. a3 Qb7 18. Qf3 Qd7 19. Ne4 Bf8 20. exd6 exd6 21. Nf6+ 1-0

[Event "*** MasterClass Titled Tuesday Blitz"]
[Site "Chess.com"]
[Date "2017.12.05"]
[Round "6"]
[White "mikelito7"]
[Black "indfraeng"]
[Result "1-0"]
[WhiteElo "1373"]
[BlackElo "1824"]
[TimeControl "180+2"]
[EndTime "15:27:35 PST"]
[Termination "mikelito7 won by resignation"]

1. d4 Nf6 2. c4 c5 3. d5 e6 4. Nc3 exd5 5. Nxd5 d6 6. Bg5 Be7 7. Bxf6 Bxf6 8. Nxf6+ Qxf6 9. Qc2 Nc6 10. Rc1 O-O 11.
e4 Re8 12. Bd3 Nd4 13. Qd2 Bf5 14. f3 Qh4+ 15. g3 Qd8 16. Kf2 Bg6 17. h4 Qf6 18. Qf4 Qf5 19. exf5 Bh5 20. g4 Re5 21. gxh5 Rae8 1-0

[Event "*** MasterClass Titled Tuesday Blitz"]
[Site "Chess.com"]
[Date "2017.12.05"]
[Round "6"]
[White "QuintilianoR"]
[Black "Al_Shima"]
[Result "0-1"]
[WhiteElo "2504"]
[BlackElo "2367"]
[TimeControl "180+2"]
[EndTime "15:27:45 PST"]
[Termination "Al_Shima won by resignation"]

1. d4 Nf6 2. c4 Nc6 3. Nf3 e6 4. a3 d5 5. cxd5 exd5 6. Nc3 h6 7. Bf4 Bd6 8. Bg3 O-O 9. e3 Ne7 10. Bd3 Nf5 11. Qc2 Nxg3 12. hxg3 c6 13. b4 a5 14. b5 Qe7 15. a4 Bg4 16. Kf1 Rac8 17. Qb3 Bb4 18. Ne2 Ne4 19. Bxe4 dxe4 20. Ne5 Be6 21. Qb1 cxb5 22. axb5 Bc4 23. Nxc4 Rxc4 24. Rh4 f5 25. Kg1 Rfc8 26. Qb3 Qf7 27. Rf1 Rc2 28.
Qxf7+ Kxf7 0-1

[Event "*** MasterClass Titled Tuesday Blitz"]
[Site "Chess.com"]
[Date "2017.12.05"]
[Round "6"]
[White "AndrBaryshpolets"]
[Black "Hasangatin_Ramil"]
[Result "1-0"]
[WhiteElo "2481"]
[BlackElo "2386"]
[TimeControl "180+2"]
[EndTime "15:27:45 PST"]
[Termination "AndrBaryshpolets won by resignation"]

1. d4 d6 2. Nf3 Bg4 3. e4 Nf6 4.
h3 Bh5 5. Nc3 e6 6. Qe2 c6 7. g4 Bg6 8. h4 h5 9. g5 Nfd7 10. Bf4 Be7 11. Bh3 Qa5 12. Bd2 Qa6 13. Qe3 d5 14. a3 Nb6 15. Ne5 Bxe4 16. Nxe4 dxe4 17. Qxe4 Nc4 18. Nxf7 Nxd2 19. Kxd2 O-O 20. Bxe6 1-0

[Event "*** MasterClass Titled Tuesday Blitz"]
[Site "Chess.com"]
[Date "2017.12.05"]
[Round "6"]
[White "TregubovP"]
[Black "Quiet_Desperation"]
[Result "1-0"]
[WhiteElo "2507"]
[BlackElo "2341"]
[TimeControl "180+2"]
[EndTime "15:27:51 PST"]
[Termination "TregubovP won by resignation"]

1. d4 Nf6 2. c4 e6 3. Nc3 Bb4 4. e3 b6 5. Ne2 Ba6 6. a3 Bxc3+ 7. Nxc3 d5 8. b3 O-O 9. Be2 dxc4 10. bxc4 Nc6 11. Rb1 Na5 12. c5 Bxe2 13. Qxe2 bxc5 14. dxc5 Rb8 15. Rxb8 Qxb8 16. Qb5 Nb3 17. Ke2 Nxc1+ 18.
Rxc1 Qc8 19. Rd1 Rd8 20. Qb7 Rf8 21. c6 Ne8 22. Qxc8 1-0

[Event "*** MasterClass Titled Tuesday Blitz"]
[Site "Chess.com"]
[Date "2017.12.05"]
[Round "6"]
[White "dyziotomi99"]
[Black "FMJoseHerrera"]
[Result "0-1"]
[WhiteElo "2441"]
[BlackElo "2452"]
[TimeControl "180+2"]
[EndTime "15:28:10 PST"]
[Termination "FMJoseHerrera won by resignation"]

1. d4 Nf6 2. c4 c5 3. d5 b5 4.
cxb5 a6 5. b6 g6 6. Nc3 Bg7 7.
e4 O-O 8. Nf3 Qxb6 9. Be2 e6 10.
dxe6 dxe6 11. O-O Bb7 12. Nd2 Rd8 13. Nc4 Qc7 14. Qc2 Nc6 15. f3 Nd4 16. Qb1 Nh5 17. f4 Nf6 18. Bd3 Rab8 19. h3 Nh5 20. Be3 f5 21. e5 Ng3 22. Rf2 Ba8 23. Qf1 Nxf1 24. Raxf1 Nf3+ 0-1

[Event "*** MasterClass Titled Tuesday Blitz"]
[Site "Chess.com"]
[Date "2017.12.05"]
[Round "6"]
[White "johannesh"]
[Black "nikitakhoroshev"]
[Result "1-0"]
[WhiteElo "2293"]
[BlackElo "2395"]
[TimeControl "180+2"]
[EndTime "15:28:15 PST"]
[Termination "johannesh won by checkmate"]

1. d4 d6 2. c4 e5 3. Nc3 Nc6 4. Nf3 g6 5. dxe5 Nxe5 6. Nxe5 dxe5 7. Qxd8+ Kxd8 8. Bg5+ f6 9. O-O-O+ Bd7 10. Be3 Bh6 11. Bxh6 Nxh6 12. g3 Ke7 13. Nd5+ Kf7 14. Nb6 axb6 15.
Rxd7+ Ke6 16. Rxc7 Rxa2 17. Bg2 Nf5 18. e3 Kd6 19.
Rxb7 Kc5 20. Kb1 Ra6 21. Rd1 Rc8 22. Rd5+ Kb4 23. Rb5+ Kxc4 24. Bf1# 1-0

[Event "*** MasterClass Titled Tuesday Blitz"]
[Site "Chess.com"]
[Date "2017.12.05"]
[Round "6"]
[White "StellarChessPro"]
[Black "LuisFSiles"]
[Result "1-0"]
[WhiteElo "2340"]
[BlackElo "2229"]
[TimeControl "180+2"]
[EndTime "15:28:33 PST"]
[Termination "StellarChessPro won by checkmate"]

1. d4 Nf6 2. Bg5 d5 3. Bxf6 gxf6 4. e3 c5 5. c4 dxc4 6. Bxc4 e6 7. Nc3 a6 8. a4 Nc6 9. d5 Nb4 10. e4 Bd6 11. Qh5 Nc2+ 12. Kf1 Nxa1 13. dxe6 O-O 14. exf7+ Kh8 15. Nf3 b5 16. Bd5 Ra7 17. g4 b4 18. g5 Bg4 19. Qxg4 bxc3 20. g6 Raxf7 21. gxf7 cxb2 22. Ke2 Nc2 23. Rg1 h6 24. Qg7# 1-0

[Event "*** MasterClass Titled Tuesday Blitz"]
[Site "Chess.com"]
[Date "2017.12.05"]
[Round "6"]
[White "Angry_Serb"]
[Black "josmito10"]
[Result "0-1"]
[WhiteElo "2338"]
[BlackElo "2349"]
[TimeControl "180+2"]
[EndTime "15:28:35 PST"]
[Termination "josmito10 won by resignation"]

1. Nf3 Nf6 2. b3 c5 3. Bb2 b5 4. e3 a6 5. d4 cxd4 6. Nxd4 Bb7 7. a4 b4 8. c4 a5 9. Nd2 e6 10. N2f3 Be7 11. Be2 O-O 12. O-O Na6 13. Bd3 Nc5 14. Bc2 Rc8 15. Qe2 d5 16. cxd5 Qxd5 17. Rfd1 Qh5 18.
h3 Nce4 19. Bxe4 Nxe4 20. Rac1 Nc3 21. Bxc3 bxc3 22. Qb5 Bxf3 23. gxf3 Rc5 24. Qf1 e5 25. Nb5 c2 26. Rd7 Bh4 27. Qe2 e4 28. Nd4 Bf6 29.
f4 Qxh3 30. f5 Bxd4 31. exd4 Rxf5 32. Qxe4 Rg5+ 0-1

[Event "*** MasterClass Titled Tuesday Blitz"]
[Site "Chess.com"]
[Date "2017.12.05"]
[Round "6"]
[White "lrivaspicazo"]
[Black "Caisachess"]
[Result "0-1"]
[WhiteElo "1727"]
[BlackElo "2327"]
[TimeControl "180+2"]
[EndTime "15:28:43 PST"]
[Termination "Caisachess won by checkmate"]

1. e4 e5 2. Nf3 Nc6 3. Bc4 Nf6 4. O-O Nxe4 5. Re1 d5 6. Bb3 Bc5 7. d4 exd4 8. c3 O-O 9. cxd4 Bb6 10. Nc3 Nxc3 11.
bxc3 Bg4 12. h3 Bh5 13. Ba3 Re8 14. Qd3 Bg6 15. Qd2 Be4 16. Ng5 Na5 17. Nxe4 dxe4 18.
Bc2 Nc4 19. Qc1 Nxa3 20. Qxa3 f5 21. Re3 c6 22. Rg3 Bc7 23. Re3 Qf6 24. Rae1 Rad8 25.
Qb3+ Kh8 26. Qxb7 Qd6 27. Rg3 f4 28. Rg4 f3 29. g3 e3 30. Rxe3 Rxe3 31. fxe3 Rb8 32.
Qa6 Qh6 33. Qd3 Qxh3 34. Qf5 Qg2# 0-1

[Event "*** MasterClass Titled Tuesday Blitz"]
[Site "Chess.com"]
[Date "2017.12.05"]
[Round "6"]
[White "MFBerna"]
[Black "jcgs1030"]
[Result "1-0"]
[WhiteElo "2298"]
[BlackElo "2294"]
[TimeControl "180+2"]
[EndTime "15:29:00 PST"]
[Termination "MFBerna won by resignation"]

1. e4 c5 2. Nf3 d6 3. Bc4 Nf6 4. d3 g6 5. O-O Bg7 6. Re1 O-O 7.
h3 Nc6 8. c3 a6 9. Bb3 b5 10.
a4 Bb7 11. Nbd2 Qb6 12. Nf1 Na5 13. Bc2 Nd7 14. Bg5 Rfe8 15. d4 b4 16. Ne3 bxc3 17.
bxc3 Qb2 18. Qd2 cxd4 19. cxd4 Qb6 20. Rab1 Qc7 21. Bd3 e5 22. Rec1 Bc6 23. d5 Nc5 24. dxc6 Nab3 25. Rxb3 Nxb3 26. Nd5 Qa7 27. Qe3 Nxc1 28.
Qxc1 h6 29. Nf6+ Bxf6 30. Bxf6 Kh7 31. Ng5+ hxg5 32. Qxg5 Re6 33. Qh4+ 1-0

[Event "*** MasterClass Titled Tuesday Blitz"]
[Site "Chess.com"]
[Date "2017.12.05"]
[Round "6"]
[White "chesstrophy1"]
[Black "aa175"]
[Result "0-1"]
[WhiteElo "1405"]
[BlackElo "1869"]
[TimeControl "180+2"]
[EndTime "15:29:13 PST"]
[Termination "aa175 won by resignation"]

1. e4 e5 2. Nf3 Nc6 3. Bc4 Bc5 4. c3 d6 5. d4 exd4 6. cxd4 Bb6 7. Be3 Nf6 8. Nc3 O-O 9. O-O Bg4 10. Be2 Re8 11.
Qc2 Bxf3 12. Bxf3 Bxd4 13. Qd3 Bxe3 14. Qxe3 Ne5 15. Rfe1 Nxf3+ 16. Qxf3 Nd7 17. Rac1 Ne5 18. Qf4 Nd3 19. Qd2 Nxe1 20. Rxe1 c6 21. b3 Qc7 22. Qf4 Qe7 23. Re3 Qe5 24. Qxe5 Rxe5 25. f4 Re7 26.
Kf2 Rae8 27. Rd3 Rd7 28. Kf3 f6 29. g4 h6 30. Nd1 d5 31. Kg3 Rxe4 32. Nf2 Re8 33.
f5 Rde7 34. Nd1 Re1 35. Nc3 R8e3+ 36. Rxe3 Rxe3+ 0-1

[Event "*** MasterClass Titled Tuesday Blitz"]
[Site "Chess.com"]
[Date "2017.12.05"]
[Round "6"]
[White "Blitz-rider"]
[Black "MRniceplay"]
[Result "0-1"]
[WhiteElo "1978"]
[BlackElo "2244"]
[TimeControl "180+2"]
[EndTime "15:29:15 PST"]
[Termination "MRniceplay won on time"]

1. e4 c5 2. d4 cxd4 3. c3 Nf6 4. e5 Nd5 5. cxd4 d6 6. Nf3 e6 7. Bb5+ Nd7 8. O-O Be7 9. Nc3 Nxc3 10. bxc3 Qc7 11.
Bd2 O-O 12. Re1 f5 13. Ng5 Nb6 14. exd6 Bxd6 15. Qh5 h6 16. Nxe6 Qf7 17. Qxf7+ Rxf7 18. Nf4 g5 19. Nd3 a6 20. c4 axb5 21. c5 Nc4 0-1

[Event "*** MasterClass Titled Tuesday Blitz"]
[Site "Chess.com"]
[Date "2017.12.05"]
[Round "6"]
[White "VladDobrov"]
[Black "temiksmozg"]
[Result "1-0"]
[WhiteElo "2619"]
[BlackElo "2512"]
[TimeControl "180+2"]
[EndTime "15:29:17 PST"]
[Termination "VladDobrov won by resignation"]

1. d4 f5 2. e4 fxe4 3. Nc3 Nf6 4. Bg5 Nc6 5. d5 Ne5 6. Qe2 Nf7 7. Bxf6 exf6 8. Nxe4 Qe7 9. d6 Nxd6 10. Nxd6+ cxd6 11.
O-O-O Qxe2 12. Bxe2 d5 13. Bf3 Bc5 14. Nh3 Kd8 15.
Rhf1 Re8 16. Nf4 Bd6 17. Nxd5 Be5 18. g3 Rb8 19. Bg2 b5 20. f4 Bc7 21. Nb4 Bb7 22.
Bc6 Bd6 23. Rxd6 Bxc6 24. Nxc6+ Kc7 25. Nxb8 Kxd6 26. Rd1+ Kc7 27. Nxd7 1-0